 Dungeon Crawl Stone Soup version 0.30-a0-696-g2367cd04db (webtiles) character file.

Game seed: 17215307640452484230

16087 wormed the Fighter (level 12, -1/97 HPs)
             Began as a Demonspawn Venom Mage on Jan 20, 2023.
             Was a Priest of Vehumet.
             Slain by a polar bear (13 damage)
             ... on level 4 of the Lair of Beasts.
             The game lasted 00:31:05 (19246 turns).

wormed the Fighter (Demonspawn Venom Mage)         Turns: 19246, Time: 00:31:05

Health: -1/97      AC: 13    Str:  9    XL:     12   Next: 7%
Magic:  18/18      EV: 16    Int: 24    God:    Vehumet [***...]
Gold:   812        SH:  0    Dex: 15    Spells: 10/19 levels left

rFire   . . .      SeeInvis .    c - +2 rapier (protect)
rCold   . . .      Faith    .    (no shield)
rNeg    . . .      Spirit   .    g - +0 leather armour
rPois   .          Reflect  .    e - +0 helmet
rElec   .          Harm     .    (cloak unavailable)
rCorr   .          Rampage  +    (no gloves)
Will    .....                    B - +1 pair of boots {rampage}
Stlth   ++                       j - amulet of the acrobat
HPRegen 0.36/turn                (no ring)
MPRegen 0.32/turn                (no ring)

@: under a protective aura
A: demonic guardian 1, magic regeneration, big brain 2, weakness stinger 3
a: Renounce Religion


You were on level 4 of the Lair of Beasts.
You worshipped Vehumet.
Vehumet was most pleased with you.
You visited 3 branches of the dungeon, and saw 14 of its levels.

You collected 812 gold pieces.

Inventory:

Hand Weapons
 c - a +2 rapier of protection (weapon)
 f - a +1 short sword of flaming
 n - a +1 short sword of venom
Armour
 e - a +0 helmet (worn)
 g - a +0 leather armour (worn)
 B - a +1 pair of boots of rampaging (worn)
Jewellery
 j - an amulet of the acrobat (around neck)
 u - a ring of wizardry
Wands
 l - a wand of iceblast (2) (quivered)
 A - a wand of digging (2)
Scrolls
 a - 2 scrolls of fog
 b - 6 scrolls of identify
 o - 2 scrolls of teleportation
 t - 2 scrolls of immolation
 v - 2 scrolls of amnesia
 w - a scroll of poison
Potions
 d - a potion of lignification
 h - 4 potions of flight
 i - a potion of curing
 k - a potion of invisibility
 r - 2 potions of mutation
 x - 3 potions of attraction
 z - 3 potions of brilliance


   Skills:
 - Level 10.0 Fighting
 + Level 7.0 Short Blades
 - Level 10.0 Dodging
 - Level 1.7 Stealth
 - Level 4.0 Spellcasting
 - Level 5.0 Conjurations
 - Level 1.0 Transmutations
 - Level 5.0 Air Magic
 - Level 8.0 Poison Magic


You had 10 spell levels left.
You knew the following spells:

 Your Spells              Type           Power      Damage    Failure   Level
a - Poisonous Vapours     Pois/Air       72%        N/A       1%          2
b - Olgreb's Toxic Radia  Pois           43%        N/A       1%          4
c - Mephitic Cloud        Conj/Pois/Air  33%        N/A       1%          3

Your spell library contained the following spells:

 Spells                   Type           Power      Damage    Failure   Level
 Momentum Strike          Conj/Tloc      32%        3d8       2%          2
 Sting                    Tmut/Pois      100%       1d8       2%          1
 Cigotuvi's Dreadful Rot  Necr/Pois/Air  50%        N/A       3%          2
 Freeze                   Ice            16%        1d4       4%          1
 Hailstorm                Conj/Ice       16%        3d6       4%          3
 Stone Arrow              Conj/Erth      32%        3d9       4%          3
 Frozen Ramparts          Ice            8%         1d2       11%         3
 Gell's Gravitas          Tloc           4%         N/A       38%         3
 Teleport Other           Tloc           4%         N/A       38%         3
 Tukima's Dance           Hex            4%         N/A       38%         3
 Yara's Violent Unravell  Hex/Tmut       3%         3d4       58%         5
 Animate Armour           Summ/Erth      8%         N/A       80%         4
 Passage of Golubria      Tloc           4%         N/A       80%         4
 Dispersal                Tloc           2%         N/A       100%        6
 Lehudib's Crystal Spear  Conj/Erth      8%         10d3      100%        8


Dungeon Overview and Level Annotations

Branches:
Dungeon (9/15)             Temple (1/1) D:6            Lair (4/5) D:8
  Swamp (0/4) Lair:2       Spider (0/4) Lair:2
  Slime: Lair:4-5       Orc: D:9-12

Altars:
Ashenzari
Cheibriados
Dithmenos
Fedhas
Gozag
Hepliaklqana
Kikubaaqudgha
Makhleb
Nemelex Xobeh
Okawaru
Ru
Sif Muna
Trog
Uskayaw
Vehumet
Wu Jian
Xom
Yredelemnul

Annotations:
D:3 exclusion: oklob plant
D:8 4 runed translucent doors


Innate Abilities, Weirdness & Mutations

A weak demonic guardian rushes to your aid.
You regenerate magic rapidly.
You have an extremely huge brain. (Int +4)
You have a sharp stinger which inflicts weakening toxins.


Message History

You hit the polar bear.
Your tail-slap misses the polar bear.
The polar bear is severely wounded.
Your shadow imp barely misses the polar bear.
The polar bear bites you.
The polar bear claws you but does no damage. x2
You hit the polar bear.
The polar bear is almost dead.
The polar bear bites you! The polar bear claws you.
* * * LOW HITPOINT WARNING * * *
The polar bear claws you but does no damage.
Your shadow imp hits the polar bear but does no damage.
You hit the polar bear.
The polar bear is almost dead.
The polar bear barely misses you. The polar bear completely misses you.
The polar bear claws you but does no damage.
Your shadow imp hits the polar bear.
You closely miss the polar bear. Your punch misses the polar bear.
The polar bear is almost dead.
The polar bear bites you!
* * * LOW HITPOINT WARNING * * *
A demonic guardian appears!
The polar bear barely misses you.
The polar bear claws you but does no damage.
The polar bear barely misses you. The polar bear claws you.
* * * LOW HITPOINT WARNING * * *
The polar bear barely misses you.
You closely miss the polar bear.
The polar bear is almost dead.
Your shadow imp hits the polar bear but does no damage.
The polar bear bites your shadow imp!!
Your shadow imp dies!
Your shadow imp disappears in a puff of smoke!
The polar bear growls angrily.
You swap places.
You hear a roar!
The polar bear rages.
Your iron imp hits the polar bear.
You barely miss the polar bear.
The polar bear is almost dead.
The polar bear bites you!
You die...

# P..# #. PP.#
##. #P.# #..###..
#...#P.## ###
#.#.....#
#.####.##.#..##
####.#P#..#.#5h.#
#..........#..@##
###.#..#.#.##P..#
#.###..#[###..#
#.# ##...# #.#..?
#.# #...###.P..#
#.# ##.........##
#.# #......#.#.#
#.# #P.....#...##
#.#
###.........##


You could see a polar bear (berserk, ally target) and a friendly iron imp
(summoned).

Vanquished Creatures
  A hydra (Lair:2)
  A centaur warrior (D:8)
  An orb spider (Lair:2)
  An oklob plant (Lair:1)
  A cyclops (D:8)
  2 black mambas (Lair:1)
  5 cane toads
  3 komodo dragons
  A hornet (D:8)
  A polar bear (Lair:4)
  14 blink frogs
  Prince Ribbit (D:6)
  Grinder (D:3)
  13 yaks
  Grum (D:9)
  A basilisk (Lair:1)
  4 steam dragons
  Edmund (D:6)
  Duvessa (D:6)
  4 water moccasins
  2 sky beasts (D:6)
  2 black bears
  2 ice beasts
  10 wolves
  2 centaurs (D:6)
  9 bullfrogs
  6 kobold brigands
  A necrophage (D:5)
  A gnoll sergeant (D:6)
  A scorpion (D:5)
  Dowan (D:6)
  4 killer bees (D:9)
  2 electric eels
  A crimson imp (D:8)
  3 howler monkeys
  A jelly (D:5)
  A gnoll bouda (D:6)
  2 hounds
  3 orc priests (D:5)
  Terence (D:3)
  3 iguanas
  Natasha (thrice) (D:3)
  An orc wizard (D:4)
  Robin (D:2)
  6 gnolls
  10 adders
  A river rat (D:5)
  A shadow imp (D:8)
  2 white imps
  An ufetubus (D:5)
  2 dart slugs
  23 orcs
  10 ball pythons
  7 endoplasms
  12 goblins
  8 hobgoblins
  5 quokkas
  6 bats
  A frilled lizard (D:1)
  35 kobolds
  6 rats
  A spectral orc (D:5)
258 creatures vanquished.

Vanquished Creatures (collateral kills)
  A yak (D:9)
  An acid dragon (D:8)
  An ogre (D:5)
  2 gnolls (D:6)
5 creatures vanquished.

Vanquished Creatures (others)
  4 fungi
  20 plants
24 creatures vanquished.

Grand Total: 287 creatures vanquished

Notes
Turn   | Place    | Note
-------+----------+-------------------------------------------
     0 | D:1      | wormed the Demonspawn Venom Mage began the quest for the
                  | Orb.
     0 | D:1      | Reached XP level 1. HP: 13/13 MP: 3/3
    83 | D:1      | Reached skill level 1 in Transmutations
   220 | D:1      | Gained mutation: You have an unusually large brain. (Int
                  | +2) [demonic ancestry]
   220 | D:1      | Reached XP level 2. HP: 4/19 MP: 0/5
   770 | D:1      | Gained mutation: You have a small tail. [demonic ancestry]
   770 | D:1      | Reached XP level 3. HP: 24/24 MP: 4/7
  1080 | D:2      | Noticed Robin
  1102 | D:1      | Learned a level 2 spell: Poisonous Vapours
  1134 | D:2      | Found a faded altar of an unknown god.
  2185 | D:2      | Killed Robin
  2192 | D:2      | Gained mutation: You have a tail ending in a sharp stinger.
                  | [demonic ancestry]
  2192 | D:2      | Reached XP level 4. HP: 30/30 MP: 1/8
  2782 | D:2      | Learned a level 3 spell: Mephitic Cloud
  2958 | D:3      | Noticed Terence
  2972 | D:3      | Killed Terence
  2973 | D:3      | Gained mutation: You have an extremely huge brain. (Int +4)
                  | [demonic ancestry]
  2973 | D:3      | Reached XP level 5. HP: 16/35 MP: 1/11
  3132 | D:3      | Reached skill level 1 in Conjurations
  3216 | D:3      | Reached skill level 1 in Air Magic
  3246 | D:3      | Noticed Grinder
  3246 | D:3      | Paralysed by Grinder for 3 turns
  3320 | D:3      | Identified the +0 ring mail of Absence {rC- Regen+ Str+3
                  | Int+3}
  3439 | D:3      | Noticed Natasha
  3451 | D:3      | Killed Natasha
  3460 | D:3      | Noticed Natasha
  3466 | D:3      | Killed Natasha
  3764 | D:3      | Noticed Natasha
  3795 | D:3      | Killed Natasha
  3875 | D:3      | Killed Grinder
  3876 | D:3      | Reached XP level 6. HP: 22/41 MP: 10/12
  3993 | D:3      | Found a blossoming altar of Fedhas.
  4008 | D:3      | Noticed an oklob plant
  4086 | D:3      | Learned a level 4 spell: Olgreb's Toxic Radiance
  4561 | D:4      | Gained mutation: A weak demonic guardian rushes to your
                  | aid. [demonic ancestry]
  4561 | D:4      | Reached XP level 7. HP: 46/46 MP: 10/13
  4842 | D:5      | Entered Level 5 of the Dungeon
  4877 | D:5      | Found an opulent altar of Gozag.
  5213 | D:5      | Found a hazy altar of Hepliaklqana.
  5384 | D:5      | Found a glowing drain.
  5704 | D:5      | Reached skill level 5 in Poison Magic
  6181 | D:5      | Reached XP level 8. HP: 15/51 MP: 14/14
  7028 | D:6      | You fall into a shaft and drop 1 floor!
  7095 | D:6      | Found a staircase to the Ecumenical Temple.
  7105 | D:6      | Noticed Prince Ribbit
  7111 | Temple   | Entered the Ecumenical Temple
  7343 | Temple   | Became a worshipper of Vehumet
  7370 | D:6      | Noticed Dowan
  7372 | D:6      | Killed Prince Ribbit
  7373 | D:6      | Reached skill level 5 in Conjurations
  7373 | D:6      | Reached skill level 5 in Air Magic
  7557 | D:6      | Noticed Edmund
  7581 | D:6      | Killed Edmund
  7645 | D:6      | Found a basalt altar of Yredelemnul.
  7700 | D:6      | Noticed an angel
  8207 | D:6      | Found an ornate altar of the Wu Jian Council.
  8260 | D:6      | Noticed Duvessa
  8541 | D:6      | Killed Duvessa
  8542 | D:6      | Reached skill level 1 in Fighting
  8554 | D:6      | Killed Dowan
  8652 | D:6      | Gained mutation: You have a sharp stinger which inflicts
                  | weakening toxins. [demonic ancestry]
  8652 | D:6      | Reached XP level 9. HP: 16/61 MP: 15/15
  9562 | D:6      | Noticed a profane servitor
  9820 | D:7      | Reached * piety under Vehumet
  9820 | D:7      | Offered knowledge of Kiss of Death by Vehumet.
 10084 | D:7      | Found a broken altar of Ashenzari.
 10815 | D:8      | Found a large runed translucent door.
 10815 | D:8      | Found a large runed translucent door.
 10826 | D:8      | Noticed a cyclops
 10861 | D:8      | Killed a cyclops
 10862 | D:8      | Reached skill level 5 in Fighting
 10862 | D:8      | Reached skill level 5 in Dodging
 10862 | D:8      | Found a burning altar of Makhleb.
 11018 | D:8      | Found a bloodstained altar of Trog.
 11066 | D:8      | Found a staircase to the Lair.
 11268 | D:8      | Found a large runed translucent door.
 11268 | D:8      | Found a large runed translucent door.
 11269 | D:8      | Noticed a boulder beetle
 11532 | D:8      | Noticed a centaur warrior
 11555 | D:8      | Killed a centaur warrior
 11556 | D:8      | Gained mutation: You regenerate magic rapidly. [demonic
                  | ancestry]
 11556 | D:8      | Reached XP level 10. HP: 25/77 MP: 9/16
 12447 | D:9      | Offered knowledge of Static Discharge by Vehumet.
 12447 | D:9      | Reached ** piety under Vehumet
 13161 | D:8      | Noticed a death knight
 13348 | D:9      | Noticed Grum
 13371 | D:9      | Killed Grum
 14087 | Lair:1   | Entered Level 1 of the Lair of Beasts
 14281 | Lair:1   | Found an iron altar of Okawaru.
 14281 | Lair:1   | Noticed an oklob plant
 14973 | Lair:1   | Killed an oklob plant
 15132 | Lair:1   | Noticed a black mamba
 15159 | Lair:1   | HP: 2/82 [yak (10)]
 15161 | Lair:1   | Killed a black mamba
 15162 | Lair:1   | Reached XP level 11. HP: 2/89 MP: 17/17
 15889 | Lair:2   | Reached skill level 10 in Fighting
 16086 | Lair:2   | Reached skill level 10 in Dodging
 16357 | Lair:2   | Offered knowledge of Momentum Strike by Vehumet.
 16454 | Lair:2   | Reached skill level 1 in Short Blades
 17030 | Lair:2   | Reached *** piety under Vehumet
 17118 | Lair:2   | Found a hole to the Spider Nest.
 17118 | Lair:2   | Noticed an orb spider
 17125 | Lair:2   | Killed an orb spider
 17154 | Lair:2   | Noticed a five-headed hydra
 17300 | Lair:2   | Reached skill level 5 in Short Blades
 17338 | Lair:2   | Killed a five-headed hydra
 17677 | Lair:2   | Noticed a bog body
 18444 | Lair:3   | Reached XP level 12. HP: 90/97 MP: 9/18
 19246 | Lair:4   | Slain by a polar bear

Illustrated notes

Levels and vault maps discovered:
D:1:      amcnicky_arrival_flooded_fountain, layout_loops_ring,
          hangedman_decor_clover_reticule
D:2:      layout_loops_corners, nicolae_ecumenical_oubliette,
          minmay_crystal_water, uniq_robin
D:3:      layout_loops_ring, tgw_fedhas, serial_bayou_pond_b,
          serial_park_tiny_1, uniq_grinder, uniq_natasha, uniq_terence
D:4:      layout_basic
D:5:      layout_layer_cave, nicolae_gozag_cash_rules_everything_around_me,
          nicolae_hepliaklqana_monster_ancestors, portal_sewer_entry_b
D:6:      layout_basic, grunt_temple_overflow_holy_war,
          nicolae_wu_jian_immortal_techniques,
          minmay_temple_entry_gardened_gates, fountainhead, uniq_duvessa,
          uniq_edmund, uniq_prince_ribbit1
D:7:      layout_loops_ring, nicolae_ashenzari_panopticon, moated_statue
D:8:      layout_basic, makhleb_grotto_becter,
          mainiacjoe_overflow_small_starburst, lair_entry_dummy,
          kennysheep_nondescript, minmay_hollow_rounded_squares
D:9:      layout_long_grid, zin_statuary, uniq_grum
Temple:   minmay_temple_curvy_loop
Lair:1:   layout_big_grid, chequers_serial_rivers_room_b, lemuel_oklob_altar
Lair:2:   layout_regular_city, nicolae_swamp_entry_splash_gauntlet,
          nicolae_spider_entry_orb_guardian, serial_bayou_shore_a
Lair:3:   layout_layer_cave, serial_bayou_shore_b
Lair:4:   layout_loops_ring, hellmonk_ghost_happy_afterlife

Skill      XL: |  1  2  3  4  5  6  7  8  9 10 11 12 |
---------------+-------------------------------------+-----
Transmutations | 1 |  1.0
Spellcasting   | 3 4 |  4.0
Poison Magic   | 4 5 8 |  8.0
Conjurations   | 3 4 5 |  5.0
Air Magic      | 3 4 5 |  5.0
Fighting       | 2 6 9 10 | 10.0
Dodging        | 2 6 8 10 | 10.0
Short Blades   | 6 7 |  7.0
Stealth        | |  1.7

Action                   |  1- 3 |  4- 6 |  7- 9 | 10-12 || total
-------------------------+-------+-------+-------+-------++-------
Melee: Unarmed           |     8 |       |       |    29 ||    37
       Short sword       |    33 |   130 |   180 |    79 ||   422
       Tailslap          |     4 |    12 |    31 |    43 ||    90
       Punch             |       |       |     2 |     7 ||     9
       Rapier            |       |       |       |   173 ||   173
Throw: Throwing net      |       |       |     6 |     1 ||     7
 Cast: Sting             |    31 |     7 |       |       ||    38
       Poisonous Vapours |    21 |    46 |   121 |    94 ||   282
       Olgreb's Toxic Ra |       |     1 |    19 |    32 ||    52
       Mephitic Cloud    |       |       |     3 |     2 ||     5
Evoke: Wand              |       |     1 |     8 |    23 ||    32
  Use: Potion            |     1 |       |       |    14 ||    15
       Scroll            |     5 |       |     8 |    15 ||    28
 Stab: Paralysed         |       |     5 |    14 |       ||    19
       Sleeping          |       |     1 |       |     4 ||     5
       Held in net/web   |       |       |     2 |       ||     2
       Confused          |       |       |     1 |       ||     1
       Distracted        |       |       |       |     1 ||     1
Armor: Robe              |     9 |       |       |       ||     9
       Leather armour    |     9 |    39 |    49 |    73 ||   170
       Skin              |       |       |       |    56 ||    56
Dodge: Dodged            |    45 |    76 |   112 |   241 ||   474

Table legend: (Time is in decaauts)
 A = Elapsed time spent in this place.
 B = Non-inter-level travel time spent in this place.
 C = Inter-level travel time spent in this place.
 D = Time resting spent in this place.
 E = Time spent auto-exploring this place.
 F = Levels seen in this place.
 G = Mean time per level.
                   A        B        C        D        E       F      G
               +--------+--------+--------+--------+--------+-----+--------+
         Total |  19280 |  18414 |    866 |   1004 |  14596 |  14 | 1377.1 |
       Dungeon |  13854 |  13196 |    658 |    228 |  10839 |   9 | 1539.3 |
        Temple |    249 |    198 |     51 |      0 |    191 |   1 |  249.0 |
          Lair |   5176 |   5019 |    157 |    776 |   3565 |   4 | 1294.0 |
               +--------+--------+--------+--------+--------+-----+--------+

Top non-repeatable levels by time:
     D:5: 2237 daAuts
     D:6: 2120 daAuts
  Lair:1: 1903 daAuts
     D:8: 1852 daAuts
     D:2: 1806 daAuts
  Lair:2: 1732 daAuts
     D:9: 1429 daAuts
     D:3: 1372 daAuts
  Lair:3: 1279 daAuts
     D:7: 1158 daAuts
     D:1: 1127 daAuts
     D:4: 750 daAuts
  Lair:4: 261 daAuts
  Temple: 249 daAuts
